 Dungeon Crawl Stone Soup version 0.19-a0-1442-g3b32ff5 (webtiles) character file.

466 Amnesiac the Slasher (level 7, -2/45 HPs)
             Began as a Halfling Fighter on Sept 5, 2016.
             Was an Initiate of Dithmenos.
             Slain by an ice beast (13 damage)
             ... on level 5 of the Dungeon.
             The game lasted 00:04:43 (2074 turns).

Amnesiac the Slasher (Halfling Fighter)             Turns: 2074, Time: 00:04:43

Health: -2/45      AC:  6    Str: 22    XL:     7   Next: 30%
Magic:  7/7        EV:  9    Int:  6    God:    Dithmenos [......]
Gold:   167        SH: 10    Dex: 16    Spells: 0 memorised, 6 levels left

rFire  . . .     SeeInvis .     a - +0 long sword
rCold  . . .     Gourm    .     b - +0 scale mail
rNeg   . . .     Faith    .     c - +0 shield
rPois  .         Spirit   .     (no helmet)
rElec  .         Dismiss  .     (no cloak)
rCorr  .         Reflect  .     (no gloves)
MR     .....     Harm     .     (no boots)
Stlth  ..........               (no amulet)
                                (no ring)
                                (no ring)

@: mighty
A: mutation resistance 1
a: Renounce Religion


You were on level 5 of the Dungeon.
You worshipped Dithmenos.
Dithmenos was noncommittal.
You were not hungry.

You visited 2 branches of the dungeon, and saw 7 of its levels.

You collected 167 gold pieces.

Inventory:

Hand Weapons
 a - a +0 long sword (weapon)
Armour
 b - a +0 scale mail (worn)
 c - a +0 shield (worn)
Scrolls
 g - a scroll of noise {unknown}
 h - a scroll of fog {unknown}
 m - a scroll of teleportation {unknown}
 r - 2 scrolls of identify {unknown}
 s - a scroll of remove curse {unknown}
 t - 2 scrolls of random uselessness {unknown}
 u - a scroll of amnesia {unknown}
Potions
 e - a potion of degeneration {unknown}
 i - a potion of berserk rage {unknown}
 j - a potion of curing
 p - 2 potions of heal wounds {unknown}
 v - a potion of haste {unknown}
 z - a potion of mutation {unknown}
Books
 l - a book of Ice

   Spells                             Type                      Level
   a - Ice Form                       Ice/Transmutation            4
   b - Metabolic Englaciation         Hexes/Ice                    5
   c - Ozocubu's Refrigeration        Ice                          6
   d - Bolt of Cold                   Conjuration/Ice              6
   e - Freezing Cloud                 Conjuration/Ice/Air          6
   f - Simulacrum                     Ice/Necromancy               6
 q - a book of Misfortune

   Spells                             Type                      Level
   a - Confusing Touch                Hexes                        1
   b - Confuse                        Hexes                        3
   c - Gell's Gravitas                Hexes/Translocation          3
   d - Petrify                        Transmutation/Earth          4
   e - Metabolic Englaciation         Hexes/Ice                    5
   f - Yara's Violent Unravelling     Hexes/Transmutation          5
Comestibles
 f - 4 bread rations
 k - a slice of pizza
 n - 3 meat rations
 o - a beef jerky
 w - a fruit
 x - 3 chunks of flesh


   Skills:
 - Level 2.6 Fighting
 + Level 7.4 Long Blades
 - Level 3.2 Armour
 - Level 3.2 Shields


You had 6 spell levels left.
You didn't know any spells.

Dungeon Overview and Level Annotations

Branches:
Dungeon (6/15)             Temple (1/1) D:6

Altars:
Cheibriados
Dithmenos
Fedhas
Gozag
Hepliaklqana
Nemelex Xobeh
Qazlal
Sif Muna
Trog
Uskayaw
Xom
Yredelemnul
The Shining One


Innate Abilities, Weirdness & Mutations

You are small and have problems with some larger weapons.
You are somewhat resistant to further mutation.


Message History

You are lethally poisoned!
The scorpion poisons you!
It was a potion of curing.
You feel better. You block the scorpion's attack.
You feel very mighty all of a sudden. The ice beast closely misses you.
The scorpion barely misses you.
You barely miss the scorpion. You block the ice beast's attack.
The scorpion barely misses you.
You riposte.
You barely miss the scorpion. You hit the scorpion.
The scorpion is lightly wounded.
The ice beast closely misses you.
You riposte.
You hit the ice beast.
The ice beast is moderately wounded.
You block the scorpion's attack. The ice beast barely misses you.
You riposte.
You slash the ice beast!
The ice beast is heavily wounded.
You closely miss the ice beast.
The ice beast is heavily wounded.
You block the scorpion's attack. The ice beast hits you.
* * * LOW HITPOINT WARNING * * *
The ice beast freezes you!
You die...

.#≈#.#...#.....# ####.....###.##.
##≈###.###.##..#.#.........##.###
.......###.# ..#.#.#.......##.#
######.....# ..#.#.#........#.#
#####.# ..#.#.#.######.#.# #.#
..#.#.#.# #...# #.#
..#.#.#.#######..#
#.#####s#.#.........>#
#.....Y@#.############
##################.#
..............(.().#
####################


You could see an ice beast and a scorpion.

Vanquished Creatures
  A centaur (D:5)
  An ogre (D:5)
  A howler monkey (D:4)
  3 crimson imps
  An orc priest (D:6)
  A giant frog skeleton (D:5)
  4 gnolls (D:6)
  2 adders
  A white imp (D:6)
  2 adder skeletons
  A worm (D:5)
  2 dart slugs
  2 orcs (D:4)
  A bat (D:2)
  2 giant cockroaches
  A goblin (D:1)
  A ball python (D:4)
  A jackal skeleton (D:4)
  2 kobolds (D:2)
  A rat (D:2)
31 creatures vanquished.

Notes
Turn   | Place    | Note
-------+----------+-------------------------------------------
     0 | D:1      | Amnesiac the Halfling Fighter began the quest for the Orb.
     0 | D:1      | Reached XP level 1. HP: 15/15 MP: 1/1
    71 | D:2      | Reached skill level 3 in Long Blades
    71 | D:2      | Reached XP level 2. HP: 11/20 MP: 2/2
   466 | D:4      | Reached XP level 3. HP: 23/25 MP: 3/3
   475 | D:4      | Reached skill level 4 in Long Blades
   475 | D:4      | Reached XP level 4. HP: 15/30 MP: 4/4
   835 | D:4      | Found a shimmering altar of Xom.
   853 | D:4      | You fall through a shaft for 2 floors!
   857 | D:6      | Noticed an orc warrior
   943 | D:6      | Reached XP level 5. HP: 35/35 MP: 5/5
  1008 | D:6      | Reached skill level 5 in Long Blades
  1122 | D:6      | Found a staircase to the Ecumenical Temple.
  1288 | D:6      | Reached XP level 6. HP: 24/41 MP: 3/6
  1368 | Temple   | Entered the Ecumenical Temple
  1668 | D:5      | Entered Level 5 of the Dungeon
  1677 | D:5      | Reached skill level 6 in Long Blades
  1743 | D:5      | Noticed an ogre
  1757 | D:5      | Killed an ogre
  1758 | D:5      | Found a shadowy altar of Dithmenos.
  1776 | D:5      | Became a worshipper of Dithmenos the Shadowed
  1919 | D:5      | Reached skill level 7 in Long Blades
  1919 | D:5      | Reached XP level 7. HP: 30/45 MP: 7/7
  2074 | D:5      | Slain by an ice beast

Vault maps used:
D:1:      sevenhm_arrival_forest_fort_small_5
D:2:      minitemple, hex_large
D:3:      evilmike_ruin_ashenzari
D:4:      kennysheep_mini_moat, first_bread
D:5:      lemuel_coloured_pillars_altar, lemuel_crystal_altar, minivault_19,
          grunt_decor_cap
D:6:      lemuel_upstairs_altar, nicolae_overflow_hidden_temple,
          minmay_fire_ice_demons
Temple:   minmay_temple_curvy_loop

Skill      XL: |  1  2  3  4  5  6 |
---------------+-------------------+-----
Long Blades    | 3 4 5 7 |  7.4
Fighting       | |  2.6
Armour         | |  3.2
Shields        | |  3.2

Action                   |  1- 3 |  4- 6 |  7- 9 || total
-------------------------+-------+-------+-------++-------
Melee: Long sword        |    29 |   137 |    23 ||   189
  Use: Potion            |       |       |     2 ||     2
  Eat: Chunk             |       |     3 |     1 ||     4
Armor: Scale mail        |    14 |    26 |     6 ||    46
Dodge: Dodged            |    10 |    36 |     9 ||    55
Block: Shield            |    13 |    47 |    10 ||    70
